 Dungeon Crawl Stone Soup version 0.23.2-1-ga50397a (webtiles) character file.

Game seed: 7039245940137097473

267 Kairos the Shield-Bearer (level 6, 17/48 HPs)
             Began as a Formicid Fighter on Apr 21, 2019.
             Quit the game on level 3 of the Dungeon.
             The game lasted 00:03:01 (1635 turns).

Kairos the Shield-Bearer (Formicid Fighter)         Turns: 1635, Time: 00:03:02

Health: 17/48      AC:  8    Str: 22    XL:     6   Next: 45%
Magic:  6/6        EV:  9    Int:  8    God:
Gold:   91         SH: 10    Dex: 10    Spells: 5/5 levels left

rFire    . . .     SeeInvis +   a - +0 war axe
rCold    . . .     Gourm    .   c - +0 shield
rNeg     + . .     Faith    .   b - +0 scale mail
rPois    .         Spirit   +   (helmet unavailable)
rElec    .         Reflect  .   (no cloak)
rCorr    .         Harm     .   (no gloves)
MR       .....                  e - +0 pair of boots
Stlth    +.........             h - amulet of guardian spirit
HPRegen  0.16/turn              g - ring of stealth
MPRegen  0.10/turn              k - ring of positive energy

@: no status effects
A: permanent stasis, dig shafts and tunnels, four strong arms, antennae 3
a: Dig, Shaft Self


You were on level 3 of the Dungeon.
You were not hungry.

You visited 1 branch of the dungeon, and saw 3 of its levels.

You collected 91 gold pieces.

Inventory:

Hand Weapons
 a - a +0 war axe (weapon)
 o - a +0 hand axe
Armour
 b - a +0 scale mail (worn)
 c - a +0 shield (worn)
 e - a +0 pair of boots (worn)
 n - a +0 pair of boots
Jewellery
 g - a ring of stealth (left hand)
 h - an amulet of guardian spirit (around neck)
 i - an uncursed amulet of magic regeneration
 k - a ring of positive energy (right hand)
Potions
 d - 2 potions of might
 l - a potion of ambrosia {unknown}
 p - 2 potions of curing {unknown}
Comestibles
 f - 3 rations
 j - 4 chunks of flesh


   Skills:
 + Level 3.9 Fighting
 + Level 4.2 Axes
 + Level 4.1 Armour
 + Level 1.6 Dodging
 + Level 0.2 Stealth
 + Level 5.0 Shields


You had 5 spell levels left.
You didn't know any spells.
Your spell library was empty.

Dungeon Overview and Level Annotations

Branches:
Dungeon (3/15)

Altars:
Yredelemnul


Innate Abilities, Weirdness & Mutations

You cannot be hasted, slowed, berserked, paralysed or teleported.
You can dig through walls and to a lower floor.
Your four strong arms can wield two-handed weapons with a shield.
You have a pair of large antennae on your head. (SInv)


Message History

You are too injured to fight recklessly!
The bat hits you but does no damage.
Items here: ))))) [[[[[ รทรท You barely miss the bat.
You block the bat's attack. The bat barely misses you. x2
Your scale mail prevents you from hitting the bat.
The bat completely misses you. You block the bat's attack. The bat hits you.
You barely miss the bat. You block the bat's attack. The bat misses you.
Things that are here:
a +0 ring mail; an orc corpse; a quokka corpse The bat barely misses you.
You are too injured to fight recklessly!
You are too injured to fight recklessly!
The bat hits you but does no damage.
Things that are here:
a +0 ring mail; an orc corpse; a quokka corpse The bat hits you but does no damage.
You are too injured to fight recklessly!
Are you sure you want to abandon this character and quit the game? (Confirm with "yes".)

..P.P..#... #.._...#..
#.P.P.....
#####.....##...
............>.. .
#..###.## #.. #.#.#
#...##..# #.... #.#.#
#..#)#).#...#
##.#.######...#@[b....#.
.
............###.....(..#
.##.#.######.##
#....##...
....#.######.####%...#
.#
......#........##....#
...............##....#
###.###).......##.....
......#^.......##..###.
#.....#........##.## .#


You could see a bat.

Vanquished Creatures
  5 orc wizards (D:3)
  An iguana (D:2)
  Robin (D:2)
  2 adders (D:2)
  An adder skeleton (D:2)
  3 dart slugs (D:1)
  A leopard gecko (D:3)
  7 orcs (D:3)
  A giant cockroach (D:2)
  10 goblins
  7 hobgoblins
  2 jackals (D:1)
  A quokka (D:3)
  8 bats
  3 frilled lizards (D:1)
  6 kobolds
  6 rats
65 creatures vanquished.

Notes
Turn   | Place    | Note
-------+----------+-------------------------------------------
     0 | D:1      | Kairos the Formicid Fighter began the quest for the Orb.
     0 | D:1      | Reached XP level 1. HP: 18/18 MP: 1/1
   176 | D:1      | Reached skill level 4 in Shields
   176 | D:1      | Reached XP level 2. HP: 24/24 MP: 2/2
   472 | D:1      | Reached XP level 3. HP: 28/29 MP: 3/3
  1051 | D:2      | Reached XP level 4. HP: 35/35 MP: 4/4
  1161 | D:2      | Noticed Robin
  1173 | D:2      | Killed Robin
  1211 | D:2      | Reached XP level 5. HP: 13/41 MP: 5/5
  1465 | D:3      | Reached skill level 1 in Dodging
  1547 | D:3      | Found a basalt altar of Yredelemnul.
  1566 | D:3      | Reached XP level 6. HP: 15/48 MP: 2/6
  1579 | D:3      | Reached skill level 5 in Shields
  1635 | D:3      | Quit the game

Skill      XL: |  1  2  3  4  5  6 |
---------------+-------------------+-----
Shields        | 4 5 |  5.0
Axes           | 3 4 |  4.2
Dodging        | 1 |  1.6
Armour         | 4 |  4.1
Fighting       | |  3.9
Stealth        | |  0.2

Action                   |  1- 3 |  4- 6 || total
-------------------------+-------+-------++-------
Melee: War axe           |   116 |    51 ||   167
       Hand axe          |       |    30 ||    30
 Abil: Dig               |       |     2 ||     2
  Use: Scroll            |       |     3 ||     3
  Eat: Chunk             |       |     3 ||     3
Armor: Scale mail        |    88 |    40 ||   128
Dodge: Dodged            |    50 |    34 ||    84
Block: Shield            |    69 |    54 ||   123
